Map: Thunderbird LE

Players

TiPtOP - Winner!

  • Race: Terran Terran
  • League: Silver
  • Spawn Location: 11:00

Drago

  • Race: Protoss Protoss
  • League: Gold
  • Spawn Location: 5:00

VOD

Have the link to the VOD?

Description

Time

  • Played on: Aug. 18, 2019, 3:26 a.m.
  • Length: 25:52
Show
View Real Time Build Order
Export as new Build Order

TiPtOP Terran - Winner!

Build Orders: 2 Factory, Mech 

Get SALT Encoding   

  12  0:00  SCV  
  13  0:13  SCV  
  14  0:19  Supply Depot  
  14  0:25  SCV  
  15  0:41  SCV  
  16  0:43  Barracks  
  16  0:48  Refinery  
  16  0:53  SCV  
  17  1:05  SCV  
  18  1:21  Supply Depot  
  18  1:30  Orbital Command  
  18  1:45  Marine  
  19  2:03  SCV  
  19  2:08  Factory  
  19  2:14  Barracks Tech Lab  
  19  2:27  Command Center  
  19  2:33  SCV  
  20  2:40  Refinery  
  20  2:45  SCV  
  21  2:57  SCV  
  22  3:00  Factory  
  22  3:05  Command Center  
  22  3:09  SCV  
  23  3:24  Siege Tank  
  26  3:35  SCV  
  26  3:39  Orbital Command  
  27  3:45  Factory Reactor  
  27  3:47  SCV  
  28  3:54  Armory  
  28  3:59  SCV  
  29  4:04  SCV  
  30  4:15  SCV  
  30  4:16  SCV  
  32  4:23  Hellion  
  32  4:24  Hellion  
  36  4:25  Siege Tank  
  36  4:28  SCV  
  40  4:33  Supply Depot  
  40  4:39  SCV  
  40  4:40  SCV  
  42  4:51  SCV  
  43  4:54  SCV  
  43  4:56  Supply Depot  
  44  5:03  SCV  
  44  5:06  SCV  
  46  5:15  SCV  
  46  5:18  SCV  
  48  5:26  Siege Tank  
  48  5:27  SCV  
  52  5:30  Hellion x2, SCV  
  52  5:32  Terran Vehicle Weapons Level 1  
  57  5:39  SCV  
  58  5:42  Command Center  
  58  5:43  SCV  
  59  5:51  SCV  
  59  5:55  SCV  
  59  5:57  Supply Depot  
  61  5:58  Refinery  
  61  6:04  SCV  
  62  6:06  Engineering Bay  
  62  6:07  SCV  
  62  6:09  Siege Tank  
  66  6:19  Supply Depot  
  66  6:20  Refinery  
  66  6:31  Orbital Command  
  66  6:42  SCV, Supply Depot  
  66  6:43  SCV  
  68  6:50  Siege Tank  
  71  6:55  SCV x2  
  71  6:56  Factory  
  73  7:02  Factory, Orbital Command  
  73  7:04  Supply Depot  
  73  7:06  Factory  
  73  7:07  SCV x2  
  75  7:23  SCV x2  
  77  7:34  Thor  
  83  7:41  Refinery, Hellbat  
  83  7:43  Refinery, Factory Tech Lab  
  85  7:47  Factory Tech Lab  
  85  7:53  Factory Reactor  
  85  7:56  SCV x3  
  88  8:06  Thor  
  88  8:08  Hellbat x2  
  98  8:16  Orbital Command  
  98  8:17  Thor  
  104  8:29  Hellbat  
  104  8:30  Hellbat  
  109  8:34  SCV x3  
  111  8:47  Factory  
  111  8:48  Thor  
  111  8:54  Missile Turret  
  117  8:56  Factory  
  117  9:00  Thor  
  123  9:05  Missile Turret  
  123  9:10  Missile Turret  
  123  9:17  SCV  
  124  9:31  Supply Depot  
  124  9:33  Supply Depot  
  124  9:34  Supply Depot  
  124  9:36  Supply Depot  
  124  9:38  Missile Turret  
  124  9:41  Missile Turret  
  124  9:53  SCV x4  
  124  9:54  Thor x2  
  124  9:55  Thor, Supply Depot  
  146  10:05  SCV x4  
  150  10:08  Factory Tech Lab  
  150  10:09  Factory Reactor  
  150  10:17  SCV, Armory  
  151  10:22  SCV x3  
  151  10:26  Refinery  
  154  10:29  SCV  
  154  10:30  Refinery  
  155  10:37  Thor  
  161  10:43  Missile Turret  
  161  10:45  SCV  
  161  10:49  Missile Turret  
  162  10:51  Hellion  
  164  10:58  Supply Depot  
  164  11:00  Supply Depot x2  
  164  11:02  Supply Depot  
  164  11:06  Supply Depot  
  164  11:19  Thor, SCV  
  164  11:21  Thor  
  164  11:22  Hellion x2, Thor  
  164  11:23  Thor  
  193  11:31  SCV, Supply Depot  
  195  11:32  SCV  
  195  11:43  SCV  
  195  11:45  SCV  
  197  11:57  SCV  
  197  11:58  Factory  
  197  11:59  Supply Depot  
  197  12:01  Factory  
  198  12:05  Factory  
  198  12:09  SCV  
  199  12:15  Hellion  
  199  12:21  Hellion  
  199  12:23  Supply Depot  
  199  12:44  Factory  
  199  12:46  Supply Depot  
  199  12:58  Factory  
  199  13:18  Factory Tech Lab x2  
  199  13:19  Factory Reactor  
  197  13:25  Infernal Pre-Igniter  
  197  13:27  Terran Vehicle And Ship Armor Level 1  
  197  13:28  Terran Vehicle Weapons Level 2  
  197  13:30  Neosteel Armor  
  169  14:09  Factory Tech Lab  
  145  14:10  Thor x4  
  145  14:12  Hellbat x5  
  145  14:15  Thor  
  145  14:16  Thor, Hellbat x3  
  149  14:40  Thor, Hellbat x3  
  161  14:53  Thor x2  
  173  15:07  Missile Turret  
  173  15:13  Thor x3, Hellbat x3  
  197  15:15  Refinery, Command Center  
  197  15:17  Refinery, Command Center  
  197  15:18  Missile Turret  
  197  15:19  Refinery  
  197  15:20  Refinery  
  197  15:29  Terran Vehicle And Ship Armor Level 2, Missile Turret  
  197  15:33  Smart Servos  
  197  15:54  Hellbat  
  199  16:16  Command Center  
  199  16:24  Command Center  
  163  16:55  Thor  
  163  16:56  Thor x3  
  163  16:57  Hellbat x4  
  163  16:58  Hellbat  
  197  17:17  Orbital Command  
  197  17:24  Hellbat  
  141  18:23  Thor x6  
  141  18:24  Hellbat x2  
  141  18:25  Hellbat x2  
  185  18:42  Sensor Tower  
  185  18:45  Missile Turret, Planetary Fortress  
  185  18:50  Missile Turret  
  185  19:02  Missile Turret  
  185  19:09  Sensor Tower  
  185  19:11  Thor  
  185  19:12  Thor  
  185  19:14  Hellbat  
  199  19:20  Planetary Fortress  
  196  19:26  Missile Turret  
  190  19:48  Command Center  
  190  19:52  Missile Turret  
  181  20:14  Missile Turret  
  181  20:15  Thor x3  
  193  20:30  Terran Vehicle And Ship Armor Level 3  
  193  20:31  Terran Vehicle Weapons Level 3  
  193  20:33  Thor  
  193  20:34  Thor  
  159  21:00  Hellbat  
  159  21:01  Hellbat x3  
  155  21:15  Thor x3, Hellbat x3  
  173  21:22  Thor  
  173  21:23  Thor  
  173  21:24  Hellbat x3  
  185  21:29  SCV  
  185  21:30  Unknown  
  174  21:41  SCV  
  175  21:48  Thor x2  
  175  21:49  Hellbat x4  
  175  21:51  Unknown  
  175  21:53  SCV  
  172  23:36  Thor, Hellbat x4  
  172  23:38  Widow Mine x3  
  172  23:40  Siege Tank  
  172  23:41  Siege Tank x2  
  191  23:42  Thor  
  191  23:43  Hellbat  
  191  23:59  Thor  
  191  24:01  Hellbat x2  
  199  24:09  Starport  
  199  24:12  Starport x2  
  197  24:17  Starport  
  197  24:18  Starport  
  189  24:45  Starport  
  189  24:47  Starport  
  189  24:48  Starport  
  177  24:56  Fusion Core  
  177  24:58  Starport Tech Lab x4  
  153  25:09  Starport Tech Lab  
  129  25:30  Hellbat  
  129  25:31  Hellbat x2  
Show
View Real Time Build Order
Export as new Build Order

Drago Protoss 

Build Orders:  

Get SALT Encoding   

  12  0:02  Probe  
  13  0:10  Probe  
  13  0:19  Pylon  
  14  0:24  Probe  
  15  0:37  Probe  
  15  0:40  Gateway  
  16  0:49  Probe  
  17  0:59  Forge  
  17  1:01  Probe  
  18  1:11  Assimilator  
  18  1:13  Probe  
  19  1:20  Pylon  
  19  1:25  Probe  
  20  1:33  Photon Cannon  
  20  1:39  Cybernetics Core  
  20  1:44  Probe  
  21  1:47  Assimilator  
  21  1:56  Probe  
  22  2:05  Warp Gate  
  22  2:11  Probe  
  22  2:13  Photon Cannon  
  23  2:15  Stalker  
  23  2:20  Gateway  
  25  2:34  Pylon  
  25  3:01  Stalker, Pylon  
  27  3:07  Photon Cannon  
  27  3:08  Probe  
  28  3:17  Probe  
  28  3:26  Gateway  
  29  3:27  Pylon  
  29  3:44  Gateway  
  29  3:50  Twilight Council  
  29  4:01  Probe  
  30  4:13  Pylon  
  30  4:16  Pylon  
  30  4:25  Nexus  
  30  4:32  Assimilator  
  30  4:33  Sentry  
  30  4:35  Sentry  
  34  4:40  Probe  
  34  4:44  Sentry  
  37  4:46  Sentry  
  39  5:04  Stalker  
  39  5:05  Stalker  
  43  5:12  Assimilator  
  43  5:13  Charge  
  43  5:16  Pylon  
  43  5:26  Protoss Ground Weapons Level 1  
  43  5:27  Zealot  
  45  5:29  Zealot  
  47  5:43  Zealot  
  47  5:46  Probe  
  47  5:47  Zealot  
  52  5:52  Probe  
  53  6:01  Shield Battery  
  53  6:05  Shield Battery  
  53  6:09  Shield Battery  
  53  6:16  Photon Cannon  
  53  6:24  Pylon  
  53  6:30  Photon Cannon  
  53  6:37  Photon Cannon, Probe  
  53  6:39  Probe  
  55  6:49  Pylon  
  55  6:55  Blink  
  55  7:10  Probe x2  
  57  7:22  Probe  
  58  7:26  Pylon  
  58  7:29  Probe  
  58  7:34  Probe  
  58  7:35  Protoss Ground Armor Level 1  
  60  7:37  Photon Cannon, Probe  
  60  7:44  Photon Cannon  
  61  7:46  Probe  
  61  7:47  Zealot, Probe  
  65  7:57  Photon Cannon  
  65  7:59  Probe  
  65  8:02  Photon Cannon  
  65  8:05  Pylon  
  66  8:10  Sentry  
  66  8:46  Stargate  
  66  8:50  Dark Shrine  
  66  9:00  Robotics Facility  
  66  9:04  Stargate  
  66  9:13  Pylon  
  66  9:32  Photon Cannon  
  66  9:35  Photon Cannon  
  66  9:38  Stalker  
  68  9:39  Stalker  
  68  9:40  Stalker  
  68  9:42  Stalker  
  68  9:43  Protoss Shields Level 1  
  74  9:50  Probe  
  75  10:04  Stalker, Nexus  
  75  10:05  Void Ray  
  75  10:06  Stalker  
  79  10:07  Stalker  
  79  10:09  Stalker  
  79  10:12  Void Ray  
  83  10:18  Observer  
  92  10:40  Observer  
  93  10:47  Gateway  
  93  10:48  Void Ray  
  93  10:49  Gateway  
  97  10:55  Void Ray  
  97  10:57  Pylon  
  101  11:08  Assimilator  
  101  11:11  Assimilator, Pylon  
  101  11:17  Probe, Pylon  
  102  11:22  Pylon  
  102  11:29  Probe  
  103  11:37  Dark Templar  
  103  11:38  Dark Templar x3  
  111  11:41  Probe  
  111  11:43  Photon Cannon  
  111  11:46  Photon Cannon  
  112  11:51  Photon Cannon  
  112  11:53  Probe  
  112  11:54  Probe x2  
  115  12:01  Fleet Beacon  
  115  12:05  Probe  
  115  12:06  Probe x2  
  115  12:08  Observer  
  119  12:17  Probe  
  119  12:18  Probe x2  
  122  12:26  Observer  
  122  12:29  Probe  
  124  12:36  Protoss Air Weapons Level 1  
  124  12:40  Assimilator  
  124  12:41  Probe  
  124  12:43  Pylon  
  125  12:45  Assimilator  
  125  12:46  Pylon  
  125  12:48  Pylon  
  125  12:52  Stalker x2  
  125  12:53  Stalker, Probe  
  125  12:54  Stalker  
  125  12:56  Stalker  
  136  13:31  Tempest  
  136  13:32  Tempest  
  109  14:06  Stalker  
  109  14:07  Stalker x4  
  109  14:08  Stalker  
  103  14:14  Tempest  
  91  14:28  Protoss Ground Weapons Level 2  
  82  14:45  Protoss Air Armor Level 1  
  82  14:58  Assimilator  
  82  15:01  Zealot x5  
  82  15:02  Zealot  
  82  15:03  Pylon  
  82  15:06  Nexus  
  94  15:08  Pylon  
  94  15:10  Pylon  
  94  15:11  Pylon  
  94  15:15  Tempest  
  94  15:16  Tempest  
  94  15:20  Observer  
  105  15:24  Probe  
  106  15:31  Photon Cannon  
  106  15:32  Photon Cannon  
  106  15:34  Photon Cannon  
  106  15:36  Photon Cannon, Probe  
  106  15:38  Zealot x2  
  106  15:39  Zealot  
  113  15:48  Probe  
  114  16:12  Shield Battery  
  114  16:15  Shield Battery  
  114  16:16  Zealot  
  114  16:17  Zealot, Shield Battery  
  114  16:18  Zealot  
  120  16:19  Shield Battery  
  120  16:22  Shield Battery  
  120  16:24  Shield Battery  
  92  16:42  Zealot x4, Protoss Ground Armor Level 2  
  92  16:43  Zealot x2  
  92  16:46  Protoss Air Weapons Level 2  
  104  16:48  Tempest  
  109  16:59  Observer  
  108  17:09  Zealot  
  108  17:12  Zealot x3  
  108  17:13  Zealot x2  
  120  17:32  Zealot  
  120  17:33  Zealot x4  
  120  17:34  Zealot  
  86  18:13  Tempest  
  86  18:14  Tempest  
  96  18:25  Stargate  
  96  18:28  Stargate  
  96  18:30  Stargate  
  96  18:31  Stargate  
  96  18:34  Zealot  
  96  18:36  Zealot  
  100  18:54  Probe  
  101  18:56  Tempest x2  
  111  19:06  Probe  
  112  19:10  Protoss Air Armor Level 2  
  112  19:15  Protoss Shields Level 2  
  112  19:18  Probe  
  112  19:21  Tempest x3, Nexus  
  112  19:22  Tempest  
  133  19:33  Assimilator  
  133  19:35  Assimilator  
  133  19:37  Pylon  
  133  19:39  Pylon  
  131  20:09  Tempest x2  
  131  20:10  Tempest x2  
  149  20:14  Shield Battery  
  149  20:17  Shield Battery  
  149  20:18  Photon Cannon  
  149  20:20  Photon Cannon  
  149  20:22  Photon Cannon  
  117  20:43  Zealot x4  
  117  20:44  Zealot x2  
  82  21:09  Zealot  
  82  21:10  Zealot x3  
  80  21:12  Zealot x2  
  79  21:30  Protoss Air Weapons Level 3  
  77  21:34  Probe  
  77  21:36  Tempest x3  
  77  21:37  Tempest x3  
  108  21:46  Probe  
  109  21:49  Protoss Ground Weapons Level 3  
  109  21:56  Probe  
  110  22:04  Probe  
  110  22:12  Probe  
  112  22:24  Probe  
  113  22:36  Probe, Tempest x2  
  113  22:37  Photon Cannon, Tempest x2  
  124  22:38  Photon Cannon  
  124  22:39  Pylon  
  124  22:40  Zealot  
  124  22:41  Zealot x2  
  124  22:42  Zealot  
  116  23:09  Zealot  
  116  23:10  Zealot x3  
  116  23:11  Zealot x2  
  79  23:37  Dark Templar x2  
  79  23:40  Stalker x4  
  30  24:04  Stalker x2  
  30  24:05  Stalker  
  30  24:06  Stalker  
  24  24:26  Stalker x2  
  24  24:27  Dark Templar  
  24  24:28  Dark Templar x2  
  24  24:29  Zealot  
  30  24:58  Dark Templar x2  
  30  24:59  Dark Templar  
Tags
 
Composition
Mech
Matchup
PvT
Opening
2 Factory
Spawn Locations
Cross Positions
Add a new tag
Caveats
  • Supply blocks, unpowered buildings, or Contaminate may cause inaccurate times.
  • Supply counts are checked every 10 seconds.